 Dungeon Sprint DCSS version 0.18.1-6-gd335043 (webtiles) character file.

640 aeluma the Grappler (level 7, -1/80 HPs)
             Began as a Troll Berserker on May 17, 2016.
             Was a Priest of Trog.
             Slain by Sonja
             ... wielding a +0 dagger of distortion
              (7 damage)
             ... in the Dungeon (Sprint I: "Red Sonja").
             The game lasted 00:02:06 (336 turns).

aeluma the Grappler (Troll Berserker)                Turns: 336, Time: 00:02:07

Health: -1/80      AC:  5    Str: 26    XL:     7   Next: 26%
Magic:  6/6        EV: 12    Int:  5    God:    Trog [***...]
Gold:   315        SH:  0    Dex:  9    Spells: 0 memorised, 6 levels left

rFire  . . .     SeeInvis .       - Unarmed
rCold  . . .     Gourm    +     a - +0 animal skin
rNeg   . . .     Faith    .     (no shield)
rPois  .         Spirit   .     (helmet restricted)
rElec  .         Dismiss  .     (no cloak)
rCorr  .         Reflect  .     (gloves unavailable)
SustAt .         Harm     .     (boots unavailable)
MR     .....     NoTele   +     (no amulet)
Stlth  +.........               (no ring)
                                (no ring)

@: slowed, very slow, not resistant to hostile enchantments, very unstealthy
A: unfitting armour, claws 3, fast metabolism 3, gourmand, regeneration 2,
shaggy fur 1, tough skin 2
a: Berserk, Trog's Hand, Burn Spellbooks, Renounce Religion


You were in the Dungeon.
You worshipped Trog.
Trog was most pleased with you.
You were not hungry.

You visited 1 branch You collected 315 gold pieces.

Inventory:

Armour
 a - a +0 animal skin (worn)
Scrolls
 h - a scroll of blinking
Potions
 e - a potion of haste
 f - 2 potions of magic
 g - a potion of berserk rage
 i - 2 potions of flight {unknown}
Comestibles
 b - 2 bread rations


   Skills:
 + Level 8.1 Fighting
 + Level 8.1 Dodging
 + Level 9.7 Unarmed Combat


You had 6 spell levels left.
You didn't know any spells.

Dungeon Overview and Level Annotations

Branches:
Dungeon (1/1)

Altars:
Cheibriados
Dithmenos
Elyvilon
Fedhas
Gozag
Kikubaaqudgha
Makhleb
Nemelex Xobeh
Okawaru
Pakellas
Qazlal
Ru
Sif Muna
Trog
Vehumet
Xom
Yredelemnul
Zin
The Shining One
Jiyva

Shops:
D *

Annotations:
D Sonja


Innate Abilities, Weirdness & Mutations

You are too large for most types of armour.
You have claws for hands.
Your metabolism is lightning-fast.
You like to eat raw meat.
You heal very quickly.
You are covered in fur (AC +1).
You have very tough skin (AC +2).


Message History

Sonja shouts, "Hah!
Missed me again!"
Sonja hits you but does no damage. Sonja closely misses you.
Sonja hits you but does no damage.
You feel a strange sense of stasis.
You scratch Sonja.
Sonja is lightly wounded.
You feel sick.
Sonja hits you but does no damage. x2; Space bends around you.
Sonja hits you with an uncursed dagger of distortion.
You feel a strange sense of stasis. Sonja hits you but does no damage.
Space warps horribly around you!
* * * LOW HITPOINT WARNING * * *
Sonja closely misses you. Sonja hits you but does no damage.
Drink which item? (? for menu, Esc to quit)
You feel better. Sonja closely misses you. Sonja hits you but does no damage.
You feel a strange sense of stasis.
Sonja hits you with an uncursed dagger of distortion.
* * * LOW HITPOINT WARNING * * *
Space warps horribly around you!
* * * LOW HITPOINT WARNING * * *
Sonja hits you but does no damage. Space bends around you.
You die...

#<.#..').#.)'..#__#
#..').#..'..#..'..+
#..#####'#####'#__#
#..####..#...#.####
#..#__####..##.#
#..#_.___##'#..+
#⌠⌠#_.∩...'..._#
####_..._##_K#+#
#_____###@# #######
#.# +$.$+ #$.$#
##(## #+#


You could see Sonja.

Vanquished Creatures
  A slime creature (D)
  Sigmund (D)
  A yak (D)
  An ogre (D)
  A jelly (D)
  Ijyb (D)
6 creatures vanquished.

Notes
Turn   | Place    | Note
--------------------------------------------------------------
     0 | D        | aeluma the Troll Berserker began the quest for the Orb.
     0 | D        | Reached XP level 1. HP: 22/22 MP: 0/0
     1 | D        | Noticed Ijyb
    15 | D        | Killed Ijyb
    15 | D        | Reached skill level 4 in Unarmed Combat
    15 | D        | Reached XP level 2. HP: 31/32 MP: 1/1
    22 | D        | Noticed an ogre
    26 | D        | Killed an ogre
    26 | D        | Reached ** piety under Trog
    26 | D        | Reached skill level 5 in Fighting
    26 | D        | Reached skill level 6 in Unarmed Combat
    26 | D        | Reached XP level 3. HP: 27/42 MP: 2/2
    26 | D        | Reached XP level 4. HP: 32/50 MP: 3/3
    70 | D        | Noticed Sigmund
    82 | D        | Killed Sigmund
    82 | D        | Reached skill level 7 in Unarmed Combat
    82 | D        | Reached XP level 5. HP: 57/61 MP: 4/4
   100 | D        | Found a deep blue altar of Sif Muna.
   102 | D        | Found a radiant altar of Vehumet.
   106 | D        | Reached skill level 8 in Unarmed Combat
   106 | D        | Reached XP level 6. HP: 59/68 MP: 5/5
   130 | D        | Found a snail-covered altar of Cheibriados.
   130 | D        | Found a viscous altar of Jiyva.
   130 | D        | Found a shadowy altar of Dithmenos.
   130 | D        | Found a blossoming altar of Fedhas.
   130 | D        | Noticed a slime creature
   137 | D        | Killed a slime creature
   137 | D        | Reached *** piety under Trog
   137 | D        | Reached skill level 9 in Unarmed Combat
   311 | D        | Found Gadog's General Store.
   311 | D        | Found a white marble altar of Elyvilon.
   311 | D        | Found a stormy altar of Qazlal.
   311 | D        | Found a burning altar of Makhleb.
   311 | D        | Found a sacrificial altar of Ru.
   311 | D        | Found an oddly glowing altar of Pakellas.
   311 | D        | Found a basalt altar of Yredelemnul.
   311 | D        | Found a glowing golden altar of the Shining One.
   311 | D        | Found a sparkling altar of Nemelex Xobeh.
   311 | D        | Found a shimmering altar of Xom.
   311 | D        | Found an opulent altar of Gozag.
   311 | D        | Found an ancient bone altar of Kikubaaqudgha.
   311 | D        | Found a glowing silver altar of Zin.
   311 | D        | Noticed a yak
   315 | D        | Killed a yak
   315 | D        | Reached XP level 7. HP: 80/80 MP: 6/6
   316 | D        | Found an iron altar of Okawaru.
   317 | D        | Found a bloodstained altar of Trog.
   329 | D        | Noticed Sonja
   336 | D        | Slain by Sonja

Skill      XL: |  1  2  3  4  5  6 |
---------------+-------------------+-----
Fighting       | 3 5 6 8 |  8.1
Dodging        | 3 4 6 8 |  8.1
Unarmed Combat | 4 6 7 8 9 |  9.7

Action                   |  1- 3 |  4- 6 |  7- 9 || total
-------------------------+-------+-------+-------++-------
Melee: Unarmed           |    17 |    18 |     1 ||    36
       Punch             |       |     1 |       ||     1
  Use: Potion            |       |       |     2 ||     2
  Eat: Chunk             |       |     4 |       ||     4
Armor: Animal skin       |     4 |     3 |     9 ||    16
Dodge: Dodged            |     6 |     7 |    12 ||    25
